 Dungeon Crawl Stone Soup version 0.29.1-12-g30fa7ad0bf (webtiles) character file.

Game seed: 7924687989952764207

340 Descartes the Trooper (level 6, -10/43 (51) HPs)
             Began as a Formicid Monk on Jan 16, 2023.
             Mangled by a wight
             ... wielding a +5 morningstar
              (11 damage)
             ... on level 3 of the Dungeon.
             The game lasted 00:09:02 (3048 turns).

Descartes the Trooper (Formicid Monk)               Turns: 3048, Time: 00:09:03

HP:   -10/43 (51)   AC: 10    Str: 15    XL:     6   Next: 87%
MP:   6/6           EV:  7    Int: 12    God:
Gold: 314           SH:  5    Dex: 16    Spells: 5/5 levels left

rFire   . . .      SeeInvis +   q - +3 demon whip (elec)
rCold   . . .      Faith    .   (no shield)
rNeg    . . .      Spirit   .   l - +0 chain mail
rPois   .          Reflect  +   (helmet unavailable)
rElec   .          Harm     .   (no cloak)
rCorr   .          Rampage  .   (no gloves)
Will    .....                   a - +0 pair of boots
Stlth   ..........              j - amulet of reflection
HPRegen 0.14/turn               (no ring)
MPRegen 0.10/turn               (no ring)

@: heavily drained
A: permanent stasis, dig shafts and tunnels, antennae 3, four strong arms
a: Dig, Shaft Self


You were on level 3 of the Dungeon.
You visited 1 branch of the dungeon, and saw 4 of its levels.

You collected 314 gold pieces.

Inventory:

Hand Weapons
 q - a +3 demon whip of electrocution (weapon)
Missiles
 r - 4 poisoned darts
Armour
 a - a +0 pair of boots (worn)
 l - a +0 chain mail (worn)
Jewellery
 j - an amulet of reflection (around neck)
Scrolls
 f - a scroll of fog {unknown}
 h - 2 scrolls of enchant armour {unknown}
 i - 6 scrolls of identify {unknown}
 n - a scroll of immolation {unknown}
 o - a scroll of amnesia {unknown}
 p - a scroll of brand weapon {unknown}
 t - a scroll of vulnerability {unknown}
Potions
 b - 3 potions of curing {unknown}
 c - a potion of ambrosia
 d - 2 potions of heal wounds {unknown}
 e - a potion of magic {unknown}
 g - a potion of degeneration {unknown}
 k - 2 potions of mutation {unknown}
 m - 2 potions of might {unknown}
 s - a potion of haste {unknown}


   Skills:
 + Level 5.2 Fighting
 - Level 3.6(4.1) Axes
 + Level 2.7(3.6) Maces & Flails
 + Level 3.8 Armour
 - Level 2.6 Dodging
 - Level 2.4 Stealth


You had 5 spell levels left.
You didn't know any spells.
Your spell library contained the following spells:

 Spells                   Type           Power      Damage    Failure   Level
 Foxfire                  Conj/Fire      0%         2x1d4     99%         1
 Sublimation of Blood     Necr           0%         N/A       100%        2
 Wereblood                Tmut           0%         N/A       100%        2
 Conjure Flame            Conj/Fire      0%         6-21      100%        3
 Inner Flame              Hex/Fire       0%         N/A       100%        3
 Flame Wave               Conj/Fire      0%         2d4       100%        4
 Summon Hydra             Summ           0%         N/A       100%        7


Dungeon Overview and Level Annotations

Branches:
Dungeon (4/15)
 Temple: D:4-7

Altars:

Annotations:
D:4 2 transporters


Innate Abilities, Weirdness & Mutations

You cannot be hasted, slowed, berserked, paralysed or teleported.
You can dig through walls and to a lower floor.
You have a pair of large antennae on your head. (SInv)
Your four strong arms can wield two-handed weapons with a shield.


Message History

The wight is heavily damaged.
The wight hits you with a +0 trident.
You feel drained.
You hit the wight.
The wight is heavily damaged.
The wight barely misses you.
You hit the wight. Your punch misses the wight.
The wight is almost destroyed.
You hit the wight.
You destroy the wight!
Your life force feels restored.
Things that are here:
a +0 trident; a +0 robe HP restored.
Done exploring.
There is a stone staircase leading down, spattered with blood here.
You climb downwards.
Level annotation: 2 transporters
There is a stone staircase leading up here.
The wight hits you with a +5 morningstar!
You feel drained.
You climb upwards.
There is a stone staircase leading down, spattered with blood here.
You hit the wight but do no damage. Lightning courses through the wight!
The wight is heavily damaged.
The wight hits you with a +5 morningstar.
You feel drained.
You hit the wight.
The wight is severely damaged.
The wight hits you with a +5 morningstar!
You feel drained.
You hit the wight but do no damage.
The wight is severely damaged.
The wight hits you with a +5 morningstar!
* * * LOW HITPOINT WARNING * * *
You feel drained.
* * * LOW HITPOINT WARNING * * *
You hit the wight but do no damage.
The wight is severely damaged.
The wight hits you with a +5 morningstar!
You die...

#..#.♣ ♣.♣ ♣.♣ ♣.#...###.#
###...♣# #♣.♣# #♣.♣# #♣.........#
....#..♣♣♣...♣♣♣...♣♣♣....#######
#####...................#.#
......#######.##.#....###.#
#####...# #....#.#.## #.# #
###.########.#...# #.# #
#.....####[#..## #.# #
#####.....@z.## #.# # ########.#
#.# # #.# #.# # #.# #.# # #.# #.#
#†# #.# #.# #.# #.# #.# #.# #.#


You could see a wight.

Vanquished Creatures
  Blork the orc (D:4)
  A wight (D:3)
  A hound (D:4)
  Terence (D:3)
  Jessica (D:3)
  6 adders
  A worm (D:3)
  2 dart slugs
  An orc (D:4)
  5 bats
  7 endoplasms
  2 giant cockroaches
  7 goblins
  7 hobgoblins
  2 jackals (D:3)
  7 kobolds
  2 quokkas
  7 ball pythons
  A frilled lizard (D:2)
  27 rats
89 creatures vanquished.

Vanquished Creatures (others)
  11 fungi (D:3)
  4 toadstools (D:3)
15 creatures vanquished.

Grand Total: 104 creatures vanquished

Notes
Turn   | Place    | Note
-------+----------+-------------------------------------------
     0 | D:1      | Descartes the Formicid Monk began the quest for the Orb.
     0 | D:1      | Reached XP level 1. HP: 18/18 MP: 1/1
   358 | D:1      | Reached XP level 2. HP: 22/24 MP: 2/2
   390 | D:1      | Reached skill level 1 in Armour
   585 | D:1      | Reached XP level 3. HP: 15/30 MP: 3/3
  1198 | D:2      | Found a faded altar of an unknown god.
  1370 | D:2      | Reached skill level 4 in Fighting
  1370 | D:2      | Reached XP level 4. HP: 37/37 MP: 4/4
  2104 | D:3      | Reached XP level 5. HP: 42/42 MP: 5/5
  2159 | D:3      | Reached skill level 1 in Maces & Flails
  2260 | D:3      | Noticed Jessica
  2263 | D:3      | Killed Jessica
  2277 | D:3      | Noticed Terence
  2282 | D:3      | Killed Terence
  2514 | D:4      | Noticed Blork the orc
  2518 | D:4      | Killed Blork the orc
  2519 | D:4      | Reached XP level 6. HP: 40/50 MP: 6/6
  2660 | D:4      | Found a transporter.
  2740 | D:4      | Reached skill level 5 in Fighting
  2978 | D:4      | Found a transporter.
  2983 | D:4      | Noticed a small abomination
  3047 | D:3      | HP: 1/43 [wight/+5 morningstar (6)]
  3048 | D:3      | Mangled by a wight

Illustrated notes

Levels and vault maps discovered:
D:1:      nzn_arrival_water_spiral, layout_basic, st_stairs_9
D:2:      layout_rooms, chequers_ecumenical_altar_island
D:3:      layout_basic, minmay_stone_trees_large, minmay_gold_behind_fungi,
          uniq_jessica, uniq_terence
D:4:      layout_loops_ring, gammafunk_ghost_abyssal_escape,
          kennysheep_cross_room, minmay_rat_hole, uniq_blork_the_orc

Skill      XL: |  1  2  3  4  5  6 |
---------------+-------------------+-----
Armour         | 1 2 3 |  3.8
Fighting       | 4 5 |  5.2
Maces & Flails | 2 |  2.7
Axes           | |  3.6
Dodging        | |  2.6
Stealth        | |  2.4

Action                   |  1- 3 |  4- 6 || total
-------------------------+-------+-------++-------
Melee: Hand axe          |    89 |    16 ||   105
       Punch             |     1 |     2 ||     3
       Demon whip        |       |   122 ||   122
 Abil: Dig               |     1 |       ||     1
 Stab: Sleeping          |     4 |       ||     4
Armor: Ring mail         |    16 |       ||    16
       Chain mail        |    23 |    54 ||    77
Dodge: Dodged            |    51 |    30 ||    81
Block: Other             |    13 |    24 ||    37
